 Dungeon Crawl Stone Soup version 0.18.1-48-g4cf74bf (webtiles) character file.

445831 dearth the Slayer (level 23, -18/255 HPs)
             Began as a Minotaur Fighter on Aug 6, 2016.
             Was the Champion of Okawaru.
             Killed from afar by a Hell Sentinel (34 damage)
             ... with damnation
             ... summoned by an ancient lich
             ... on level 4 of the Vaults.
             The game lasted 05:26:14 (54397 turns).

dearth the Slayer (Minotaur Fighter)               Turns: 54397, Time: 05:26:14

Health: -18/255    AC: 35    Str: 30    XL:     23   Next: 36%
Magic:  0/32       EV: 17    Int:  6    God:    Okawaru [******]
Gold:   1914       SH: 24    Dex: 16    Spells: 0 memorised, 22 levels left

rFire  + . .     SeeInvis .     P - +3 morningstar (freeze)
rCold  + + +     Gourm    .     N - +1 gold dragon armour
rNeg   + . .     Faith    .     S - +5 shield {reflect}
rPois  +         Spirit   +     T - +2 hat
rElec  +         Dismiss  .     g - +0 cloak of Valiance {rElec Str+2}
rCorr  +         Reflect  +     q - +2 pair of gloves "Hientip" {rCorr}
SustAt .         Harm     .     K - +0 pair of boots of Xapaanupt {MR+}
MR     +++..                    w - amulet of guardian spirit
Stlth  ..........               D - ring of protection from magic
                                O - ring of positive energy

@: heroism, finesse, very slightly contaminated, drained, extremely resistant to
hostile enchantments, extremely unstealthy
A: retaliatory headbutt, horns 2, agile 1, cold resistance 2, deterioration 1,
robust 1, strong 1
a: Heroism, Finesse, Renounce Religion
}: 1/15 runes: serpentine


You were on level 4 of the Vaults.
You worshipped Okawaru.
Okawaru was exalted by your worship.
You were hungry.

You visited 7 branches of the dungeon, and saw 38 of its levels.
You also visited: Ice Cave and Wizlab.

You collected 4698 gold pieces.
You spent 2784 gold pieces at shops.

Inventory:

Hand Weapons
 P - a +3 morningstar of freezing (weapon)
Armour
 g - the +0 cloak of Valiance (worn) {rElec Str+2}
   (You found it in a wizard's laboratory)

   It affects your strength (+2).
   It insulates you from electricity.
 n - the +2 pair of gloves of Elitism {rElec Str+2}
   (Okawaru gifted it to you on level 4 of the Lair of Beasts)

   It affects your strength (+2).
   It insulates you from electricity.
 q - the +2 pair of gloves "Hientip" (worn) {rCorr}
   (Okawaru gifted it to you on level 13 of the Dungeon)

   It protects you from acid and corrosion.
 G - the +1 pair of boots of Amorality {rF+ rC++}
   (Okawaru gifted it to you on level 3 of the Snake Pit)

   It protects you from fire.
   It greatly protects you from cold.
 K - the +0 pair of boots of Xapaanupt (worn) {MR+}
   (You found it in a wizard's laboratory)

   It affects your resistance to hostile enchantments.
 N - a +1 gold dragon armour (worn)
 Q - the +4 cloak "Ydybauc" {Str+5 Stlth+}
   (You found it on level 8 of the Lair of Beasts)

   It affects your strength (+5).
   It makes you more stealthy.
 S - a +5 shield of reflection (worn)
 T - a +2 hat (worn)
 Z - a +0 large shield of poison resistance
Rods
 W - a +6 rod of shadows (14/14)
   (You took it off a deep elf annihilator on level 3 of the Elven Halls)
Jewellery
 b - an uncursed ring of protection from fire
 i - the brooch of Shielding {Reflect SH+8}
   (You took it off a deep elf death mage on level 3 of the Elven Halls)

   [amulet of reflection]

   It shields you and reflects attacks.
   It affects your SH (+8).
 m - an uncursed amulet of regeneration
 w - an amulet of guardian spirit (around neck)
 y - an uncursed ring of poison resistance
 D - a ring of protection from magic (right hand)
 H - an uncursed ring of see invisible
 O - a ring of positive energy (left hand)
Wands
 a - a wand of disintegration (5/24)
 z - a wand of flame (12/48)
 B - a wand of heal wounds (0/9)
 F - a wand of paralysis (12/24)
 V - a wand of digging (3/24)
Scrolls
 j - 5 scrolls of identify
 k - 15 scrolls of remove curse
 v - a scroll of magic mapping
 x - 5 scrolls of recharging
 E - 4 scrolls of enchant armour
 J - 4 scrolls of enchant weapon
 U - 7 scrolls of fog
 X - 3 scrolls of fear
Potions
 c - a potion of cure mutation
 h - 4 potions of cancellation
 l - a potion of heal wounds
 o - a potion of magic
 r - 14 potions of curing
 s - 6 potions of brilliance
 A - 4 potions of resistance
 C - 6 potions of agility
 I - 4 potions of might
 L - a potion of ambrosia
 M - 12 potions of flight
Miscellaneous
 d - a disc of storms
 u - a fan of gales
 R - a box of beasts
 Y - a stone of tremors
Comestibles
 f - 10 bread rations
 p - 12 meat rations


   Skills:
 + Level 24.4(26.2) Fighting
 - Level 16.1(20.4) Maces & Flails
 + Level 18.4(22.7) Armour
 - Level 13.7(18.0) Dodging
 + Level 20.7(25.0) Shields
 - Level 7.0(6.5) Invocations
 + Level 13.6(13.1) Evocations


You had 22 spell levels left.
You didn't know any spells.

Dungeon Overview and Level Annotations

Branches:
Dungeon (15/15)            Temple (1/1) D:4            Lair (8/8) D:11
  Swamp (0/4) Lair:6        Snake (4/4) Lair:5        Slime (0/6) Lair:6
    Orc (2/2) D:11            Elf (3/3) Orc:2        Vaults (5/5) D:13
  Crypt (0/3) Vaults:3     Depths (0/5) D:15

Altars:
Ashenzari
Cheibriados
Dithmenos
Elyvilon
Fedhas
Gozag
Kikubaaqudgha
Makhleb
Nemelex Xobeh
Okawaru
Pakellas
Qazlal
Ru
Sif Muna
Trog
Vehumet
Xom
Yredelemnul
Zin
The Shining One
Beogh
Jiyva

Shops:
D:8 *   D:10 :   D:11 ?   Orc:2 *:!(   Vaults:1 !

Portals:
Hell: Lair:8
Pandemonium: Orc:2

Annotations:
Lair:6 exclusion: oklob plant
Lair:8 exclusion: oklob plant


Innate Abilities, Weirdness & Mutations

You reflexively headbutt those who attack you in melee.
You have a pair of horns on your head.
You are agile. (Dex +2)
Your flesh is very cold resistant.
Your body sometimes deteriorates upon taking damage.
You are robust (+10% HP).
Your muscles are strong. (Str +2)


Message History

The Hell Sentinel is severely wounded.
You block the vault guard's attack.
You hit the Hell Sentinel but do no damage.
You headbutt the Hell Sentinel, but do no damage.
The Hell Sentinel is severely wounded.
You hit the Hell Sentinel but do no damage.
You headbutt the Hell Sentinel.
The Hell Sentinel is severely wounded.
The ancient lich mumbles some strange words.
The ancient lich flickers and vanishes!
The Hell Sentinel completely misses you.
You block the Hell Sentinel's attack.
Read which item? (? for menu, Esc to quit)
Blink to where?
Press: ? - help, Dir - move target cursor You are very lightly contaminated with residual magic.
As you read the scroll of blinking, it crumbles to dust.
The Hell Sentinel gestures at you.
The damnation unfurls!
The damnation engulfs you!
You die...

##.#######.## #.
#.#.#...#.#.# #.
#..##...##..# #.
#.#.#...#.#.# #.
#########.#####.#.## #.
#......'.#.#.#<#.#.# ##
#......##.#.#.#)#.##
#......#.#.#...#.#.#
#......#+#@#####+#######
#......#......+.(###...####
#......#.....1#ยง('.#...'...
########.[....p.(#1##'##...
#[[....####..'.##...
#......##.+..####...
#......##'##L#..#...
#......#...#.'..'...
#......#...###..####


You could see a Hell Sentinel and a vault guard.

Vanquished Creatures
  Norris (Elf:2)
  Jory (Vaults:2)
  A lich (Vaults:3)
  An Ice Fiend (IceCv)
  Asterion (Elf:2)
  2 deep elf master archers (Elf:3)
  A deep elf blademaster (Elf:3)
  2 sphinxes
  2 tentacled starspawn (WizLab)
  An acid blob (Lair:6)
  A tengu reaver (Vaults:4)
  2 storm dragons
  Kirke (Lair:8)
  A large abomination (Elf:3)
  Agnes (D:15)
  9 greater nagas
  2 deep elf sorcerers
  Donald (Snake:1)
  A frost giant (Vaults:4)
  11 vault wardens
  An orc warlord (Vaults:1)
  Aizul (Snake:1)
  7 ironheart preservers
  3 deep elf elementalists (Elf:3)
  A very ugly thing (Vaults:4)
  4 stone giants
  A salamander stormcaller (Vaults:3)
  7 deep elf demonologists
  An apis (Elf:2)
  8 deep elf annihilators (Elf:3)
  The ghost of dearth the Fighter, a journeyman HOFi of Okawaru (D:12)
  Azrael (Elf:1)
  Snorg (Orc:1)
  35 vault guards
  4 ettins
  4 fire dragons
  2 deep elf high priests (Elf:3)
  6 yaktaur captains
  12 deep elf death magi
  Josephine (D:11)
  An entropy weaver (Vaults:4)
  Fannar (Lair:3)
  11 ogre magi
  5 great orbs of eyes
  11 naga warriors
  Harold (Lair:2)
  12 hydras
  2 catoblepae
  24 anacondas
  4 centaur warriors
  30 dancing weapons
  14 death yaks
  2 death knights
  Urug (D:15)
  3 small abominations (Elf:3)
  14 naga sharpshooters
  10 shock serpents
  5 orc high priests (Orc:2)
  A thrashing horror (WizLab)
  A fire crab (Vaults:4)
  A sun demon (Lair:8)
  26 deep elf knights
  A fire crab (shapeshifter) (Vaults:4)
  A hell knight (WizLab)
  2 skeletal warriors (D:15)
  A death drake (shapeshifter) (Vaults:2)
  3 giant orange brains
  5 deep trolls
  4 unseen horrors
  3 salamander mystics
  5 wizards
  12 deep elf archers
  An infernal demonspawn (Orc:2)
  20 ironbrand convokers
  11 naga ritualists
  A phantasmal warrior (D:15)
  An obsidian statue (WizLab)
  3 lindwurms (Lair:3)
  Pikel (D:4)
  A harpy (shapeshifter) (Vaults:3)
  7 hill giants
  7 griffons
  An oklob plant (Lair:1)
  8 orc sorcerers
  15 orc knights
  12 harpies
  59 deep elf magi
  13 ugly things
  9 mana vipers
  5 wolf spiders
  A wolf spider zombie (D:13)
  17 salamanders
  2 hornets
  5 cyclopes
  6 manticores
  2 octopodes (shapeshifter)
  2 worldbinders (WizLab)
  25 elephants
  Joseph (Lair:1)
  2 black mambas (shapeshifter)
  16 vault sentinels
  24 naga magi
  39 black mambas
  2 gargoyles
  17 guardian serpents
  6 orange demons
  A rust devil (Orc:2)
  4 ice statues
  2 centaur skeletons
  3 smoke demons
  8 spiny frogs
  2 spiny frogs (shapeshifter)
  6 komodo dragons
  3 rime drakes
  A rime drake (shapeshifter) (Vaults:2)
  2 freezing wraiths
  18 yaktaurs
  2 hellwings
  An efreet (D:13)
  3 anaconda simulacra (IceCv)
  14 ice devils
  6 trolls
  A polar bear (D:11)
  A jumping spider (D:15)
  2 boulder beetles
  3 polar bears (shapeshifter)
  22 two-headed ogres
  A raiju (shapeshifter) (Vaults:3)
  A raiju (WizLab)
  7 blink frogs
  16 slime creatures
  2 human simulacra
  2 air elementals
  5 redbacks
  3 shadows
  A tarantella (Vaults:4)
  A tarantella (shapeshifter) (Vaults:3)
  3 wyverns
  5 wraiths (D:11)
  2 vampires
  An orc simulacrum (Vaults:1)
  5 water elementals
  A dire elephant simulacrum (IceCv)
  4 basilisks
  7 fire elementals
  2 hogs (shapeshifter)
  8 hippogriffs
  A human (D:7)
  A hungry ghost (D:7)
  A steam dragon (D:11)
  25 yaks
  A golden eye (shapeshifter) (Vaults:2)
  4 hogs (Lair:8)
  21 vampire mosquitoes
  2 harpy simulacra (IceCv)
  2 mottled dragons
  5 wargs
  A spatial vortex (WizLab)
  Edmund (D:6)
  61 nagas
  13 hell hounds
  21 water moccasins
  2 hydra simulacra (IceCv)
  8 porcupines
  Duvessa (D:6)
  45 orc warriors
  10 ice beasts
  2 eyes of draining
  2 phantoms
  3 slaves (D:4)
  40 ogres
  5 sky beasts
  2 ettin simulacra (IceCv)
  5 wolves
  16 centaurs
  A crocodile (shapeshifter) (Vaults:3)
  16 crocodiles
  4 big kobolds
  20 giant frogs
  4 earth elementals
  A gnoll sergeant (D:10)
  Dowan (D:6)
  2 wyvern skeletons
  4 scorpions
  10 killer bees (D:8)
  4 wights (D:15)
  4 howler monkeys
  7 electric eels
  9 crimson imps
  6 centaur zombies
  A quasit (D:10)
  A giant frog skeleton (D:10)
  13 hounds
  6 jellies
  20 orc wizards
  34 orc priests
  6 iguanas
  Terence (D:3)
  9 worker ants
  A killer bee zombie (D:5)
  5 sheep
  A hound zombie (D:5)
  A hound skeleton (D:4)
  5 gnolls (D:10)
  14 adders
  31 river rats
  7 shadow imps
  2 white imps (D:11)
  A worker ant simulacrum (D:11)
  An ufetubus (D:11)
  An ooze (D:5)
  3 adder skeletons
  4 worms
  4 giant geckos
  124 orcs
  4 bats
  4 giant cockroaches
  6 goblins
  6 hobgoblins
  17 jackals
  4 quokkas
  6 ball pythons
  7 giant newts
  16 kobolds
  5 rats
  A spectral orc (D:3)
  An eldritch tentacle segment (WizLab)
  21 fungi
  A lurking horror (WizLab)
  5 plants
1679 creatures vanquished.

Vanquished Creatures (collateral kills)
  A giant frog (D:7)
1 creature vanquished.

Vanquished Creatures (others)
  A deep elf blademaster (Elf:3)
  An eldritch tentacle (WizLab)
  An ironheart preserver (Vaults:3)
  A deep elf annihilator (Elf:3)
  3 yaktaur captains
  A centaur warrior (Vaults:2)
  A hell hog (shapeshifter) (Elf:3)
  A naga sharpshooter (Snake:4)
  9 deep elf archers
  A deep elf mage (Vaults:4)
  A naga mage (Snake:4)
  6 yaktaurs
  A slime creature (D:12)
  3 nagas (Snake:4)
  A centaur (D:11)
  A jelly (D:13)
  An orc (D:14)
  2 kobolds
  A bush (Lair:8)
  848 eldritch tentacle segments (WizLab)
  24 fungi
  7 plants
  4 starspawn tentacles (WizLab)
  6 starspawn tentacle segments (WizLab)
926 creatures vanquished.

Grand Total: 2606 creatures vanquished

Notes
Turn   | Place    | Note
--------------------------------------------------------------
     0 | D:1      | dearth the Minotaur Fighter began the quest for the Orb.
     0 | D:1      | Reached XP level 1. HP: 19/19 MP: 0/0
   242 | D:1      | Reached skill level 4 in Fighting
   290 | D:1      | Reached XP level 2. HP: 26/27 MP: 1/1
   892 | D:2      | Reached XP level 3. HP: 32/34 MP: 2/2
  1080 | D:2      | Found a burning altar of Makhleb.
  1139 | D:3      | Noticed Terence
  1159 | D:3      | Killed Terence
  1159 | D:3      | Reached skill level 5 in Fighting
  1159 | D:3      | Reached XP level 4. HP: 36/42 MP: 3/3
  1339 | D:3      | Found a bloodstained altar of Trog.
  1379 | D:3      | Reached skill level 5 in Maces & Flails
  1379 | D:3      | Reached XP level 5. HP: 48/48 MP: 4/4
  1821 | D:3      | Noticed an ogre
  1837 | D:3      | Killed an ogre
  1837 | D:3      | Reached skill level 6 in Fighting
  1837 | D:3      | Reached XP level 6. HP: 49/57 MP: 5/5
  1925 | D:3      | Found a basalt altar of Yredelemnul.
  2011 | D:4      | Found a staircase to the Ecumenical Temple.
  2066 | Temple   | Entered the Ecumenical Temple
  2311 | D:4      | Noticed a slave
  2328 | D:4      | Killed a slave
  2341 | D:4      | Noticed a slave
  2357 | D:4      | Killed a slave
  2376 | D:4      | Noticed a slave
  2378 | D:4      | Noticed Pikel
  2386 | D:4      | Noticed a slave
  2387 | D:4      | Killed a slave
  2399 | D:4      | Killed Pikel
  2399 | D:4      | Reached skill level 8 in Fighting
  2399 | D:4      | Reached XP level 7. HP: 36/68 MP: 6/6
  2484 | D:4      | Got a steaming ring mail
  2495 | D:4      | Identified the +3 ring mail of Saloadwu {rF+ rC+} (You found it on level 4 of the Dungeon)
  2627 | D:4      | Found a glowing golden altar of the Shining One.
  2627 | D:4      | Found a shattered altar of Ashenzari.
  2627 | D:4      | Found a burning altar of Makhleb.
  2627 | D:4      | Found an iron altar of Okawaru.
  2636 | D:4      | Became a worshipper of Warmaster Okawaru
  2655 | D:5      | Entered Level 5 of the Dungeon
  2771 | D:5      | Reached XP level 8. HP: 75/75 MP: 7/7
  2925 | D:5      | Reached skill level 9 in Fighting
  2969 | D:5      | Reached * piety under Okawaru
  3005 | D:5      | Found a sparkling altar of Nemelex Xobeh.
  3561 | D:6      | Noticed Duvessa
  3580 | D:6      | Killed Duvessa
  3580 | D:6      | Reached skill level 10 in Fighting
  3581 | D:6      | Noticed Dowan
  3602 | D:6      | Killed Dowan
  3649 | D:6      | Noticed Edmund
  3658 | D:6      | Killed Edmund
  3658 | D:6      | Reached skill level 10 in Maces & Flails
  3676 | D:6      | Reached ** piety under Okawaru
  3684 | D:6      | Reached XP level 9. HP: 56/86 MP: 8/8
  4358 | D:7      | Reached skill level 11 in Fighting
  4571 | D:7      | Reached *** piety under Okawaru
  4929 | D:8      | Found Neghiuwa's Elemental Accessories.
  5009 | D:8      | Reached skill level 12 in Fighting
  5401 | D:8      | Reached **** piety under Okawaru
  5401 | D:8      | Reached XP level 10. HP: 34/99 MP: 9/9
  5804 | D:9      | Noticed a hill giant
  5831 | D:9      | Killed a hill giant
  6175 | D:9      | Found a white marble altar of Elyvilon.
  6414 | D:10     | Entered Level 10 of the Dungeon
  6420 | D:10     | Noticed a gargoyle
  6430 | D:10     | Killed a gargoyle
  6430 | D:10     | Reached skill level 13 in Fighting
  6606 | D:10     | Found Miwel's Book Boutique.
  7314 | D:11     | Found a staircase to the Orcish Mines.
  7765 | D:11     | Noticed Josephine
  7997 | D:11     | Reached skill level 14 in Fighting
  8041 | D:11     | Reached ***** piety under Okawaru
  8136 | D:11     | Noticed a hill giant
  8426 | D:11     | Reached XP level 11. HP: 93/110 MP: 10/10
  8861 | D:11     | Killed Josephine
  8868 | D:11     | Reached skill level 1 in Invocations
  8868 | D:11     | Reached skill level 1 in Evocations
  8967 | D:11     | Found Buokorop's Magic Scroll Shoppe.
  8992 | D:11     | Bought a scroll of identify for 30 gold pieces
  8992 | D:11     | Bought a scroll of teleportation for 45 gold pieces
  8992 | D:11     | Bought a scroll of teleportation for 45 gold pieces
  8992 | D:11     | Bought a scroll of identify for 30 gold pieces
  9140 | D:11     | Killed a hill giant
  9565 | D:12     | Noticed a five-headed hydra
  9565 | D:12     | Noticed dearth's ghost (journeyman HOFi)
  9654 | D:11     | Reached skill level 5 in Armour
  9654 | D:11     | Reached skill level 5 in Shields
  9815 | D:11     | Gained mutation: You are frail (-10% HP). [potion of mutation]
  9815 | D:11     | Gained mutation: You evolve. [potion of mutation]
  9815 | D:11     | Gained mutation: Your flesh is cold resistant. [potion of mutation]
  9828 | D:12     | Killed dearth's ghost
  9831 | D:12     | Killed a five-headed hydra
  9831 | D:12     | Reached ****** piety under Okawaru
 10270 | D:13     | Noticed a hill giant
 10274 | D:13     | Killed a hill giant
 10285 | D:13     | Lost mutation: You are frail (-10% HP). [evolution]
 10475 | D:13     | Noticed a deep elf mage
 10480 | D:13     | Killed a deep elf mage
 10480 | D:13     | Reached skill level 1 in Dodging
 10489 | D:13     | Received a gift from Okawaru
 10607 | D:13     | Received a gift from Okawaru
 10610 | D:13     | Got a pair of spiked gloves {god gift}
 10616 | D:13     | Identified the +2 pair of gloves "Hientip" {rCorr} (Okawaru gifted it to you on level 13 of the Dungeon)
 10974 | D:13     | Noticed a hill giant
 10983 | D:13     | Killed a hill giant
 10998 | D:13     | Reached XP level 12. HP: 97/118 MP: 13/13
 11194 | D:13     | Noticed a vault guard
 11195 | D:13     | Noticed a vault guard
 11240 | D:13     | Killed a vault guard
 11268 | D:13     | Noticed a vault guard
 11283 | D:13     | Reached skill level 15 in Fighting
 11298 | D:13     | Killed a vault guard
 11321 | D:13     | Noticed a vault guard
 11333 | D:13     | Killed a vault guard
 11336 | D:13     | Noticed an ogre mage
 11341 | D:13     | Killed a vault guard
 11341 | D:13     | Reached skill level 5 in Invocations
 11348 | D:13     | Killed an ogre mage
 11352 | D:13     | Found a gate to the Vaults.
 11780 | D:13     | Found a white marble altar of Elyvilon.
 11864 | D:13     | Noticed a four-headed hydra
 11874 | D:13     | Killed a four-headed hydra
 11874 | D:13     | Received a gift from Okawaru
 11874 | D:13     | Reached skill level 5 in Evocations
 11877 | D:13     | Got a faintly humming scale mail {god gift}
 11878 | D:13     | Identified the +1 scale mail "Ystad" {rPois Slay+2} (Okawaru gifted it to you on level 13 of the Dungeon)
 12633 | D:14     | Reached skill level 5 in Dodging
 12894 | D:14     | Gained mutation: Your flesh is very cold resistant. [evolution]
 12919 | D:14     | Found a roughly hewn altar of Beogh.
 13316 | D:14     | Reached XP level 13. HP: 63/127 MP: 16/16
 13714 | D:14     | Found a glowing golden altar of the Shining One.
 13834 | D:15     | Entered Level 15 of the Dungeon
 14226 | D:15     | Noticed Agnes
 14257 | D:15     | Killed Agnes
 14551 | D:15     | Received a gift from Okawaru
 15156 | D:15     | Noticed Urug
 15167 | D:15     | Killed Urug
 15378 | D:15     | Reached skill level 16 in Fighting
 15836 | D:15     | Received a gift from Okawaru
 15836 | D:15     | Reached skill level 10 in Armour
 15882 | D:15     | Found a staircase to the Depths.
 16221 | D:11     | Found a staircase to the Lair.
 16409 | D:11     | Reached skill level 10 in Shields
 16612 | Lair:1   | Entered Level 1 of the Lair of Beasts
 17162 | Lair:1   | Noticed Joseph
 17173 | Lair:1   | Killed Joseph
 17461 | Lair:1   | Reached XP level 14. HP: 130/138 MP: 18/18
 18043 | Lair:2   | Noticed Harold
 18097 | Lair:2   | Killed Harold
 19305 | Lair:3   | Noticed Fannar
 19318 | Lair:3   | Killed Fannar
 20160 | Lair:4   | Received a gift from Okawaru
 20206 | Lair:4   | Got a translucent copper ring
 20207 | Lair:4   | Identified the ring of Utywet {rF+ rC+ Int-4 Dex+4} (You found it on level 4 of the Lair of Beasts)
 20392 | Lair:4   | You fall through a shaft for 2 floors!
 20409 | Lair:6   | Found a staircase to the Swamp.
 20584 | Lair:6   | Reached skill level 17 in Fighting
 20805 | Lair:6   | Found a runed door.
 20807 | Lair:6   | Found a viscous altar of Jiyva.
 20808 | Lair:6   | Noticed an acid blob
 20809 | Lair:6   | Found a staircase to the Slime Pits.
 22155 | Lair:7   | Received a gift from Okawaru
 22944 | Lair:7   | Gained mutation: You are robust (+10% HP). [potion of beneficial mutation]
 23100 | Lair:5   | Found a staircase to the Snake Pit.
 24406 | Lair:4   | Received a gift from Okawaru
 24418 | Lair:4   | Got a pair of twisted gloves {god gift}
 24419 | Lair:4   | Identified the +2 pair of gloves of Elitism {rElec Str+2} (Okawaru gifted it to you on level 4 of the Lair of Beasts)
 24498 | Lair:4   | Reached skill level 18 in Fighting
 24588 | Lair:4   | Reached XP level 15. HP: 162/163 MP: 19/19
 25473 | Lair:6   | Killed an acid blob
 25896 | Lair:8   | Entered Level 8 of the Lair of Beasts
 26368 | Lair:8   | Noticed Kirke
 26952 | Lair:8   | Found a blossoming altar of Fedhas.
 27103 | Lair:8   | Found a burning altar of Makhleb.
 27449 | Lair:8   | Reached skill level 15 in Maces & Flails
 27457 | Lair:8   | Found a gateway to Hell.
 27477 | Lair:8   | Got a polished cloak
 27479 | Lair:8   | Identified the +4 cloak "Ydybauc" {Str+5 Stlth+} (You found it on level 8 of the Lair of Beasts)
 28001 | Lair:8   | Killed Kirke
 28001 | Lair:8   | Received a gift from Okawaru
 28754 | Snake:1  | Entered Level 1 of the Snake Pit
 28774 | Snake:1  | Received a gift from Okawaru
 28824 | Snake:1  | Noticed Donald
 28834 | Snake:1  | Killed Donald
 28930 | Snake:1  | Noticed Aizul
 28959 | Snake:1  | Killed Aizul
 29430 | Snake:1  | Reached skill level 19 in Fighting
 30310 | Snake:1  | Reached skill level 15 in Shields
 30431 | Snake:2  | Received a gift from Okawaru
 30444 | Snake:2  | Reached XP level 16. HP: 163/176 MP: 20/20
 31793 | Snake:2  | You fall through a shaft!
 32749 | Snake:3  | Received a gift from Okawaru
 32792 | Snake:3  | Got a pair of ichor-stained boots {god gift}
 32803 | Snake:3  | Identified the +1 pair of boots of Amorality {rF+ rC++} (Okawaru gifted it to you on level 3 of the Snake Pit)
 33082 | Snake:4  | Entered Level 4 of the Snake Pit
 33309 | Snake:4  | Found a frozen archway.
 33451 | IceCv    | Entered an ice cave
 33885 | IceCv    | Reached skill level 20 in Fighting
 34052 | IceCv    | Reached XP level 17. HP: 187/187 MP: 21/21
 34081 | IceCv    | Noticed an Ice Fiend
 34095 | IceCv    | Killed an Ice Fiend
 34621 | Snake:4  | Received a gift from Okawaru
 35230 | Snake:4  | Reached skill level 10 in Dodging
 35710 | Snake:4  | Gained mutation: You are dopey. (Int -2) [evolution]
 36478 | Snake:4  | Received a gift from Okawaru
 36618 | Snake:4  | Got a serpentine rune of Zot
 37720 | Orc:1    | Entered Level 1 of the Orcish Mines
 37720 | Orc:1    | Noticed Snorg
 37733 | Orc:1    | Killed Snorg
 37749 | Orc:1    | Found a roughly hewn altar of Beogh.
 37796 | Orc:2    | Entered Level 2 of the Orcish Mines
 37813 | Orc:2    | Found a staircase to the Elven Halls.
 38088 | Orc:2    | Lost intelligence.
 38092 | Orc:2    | Gained mutation: Your body sometimes deteriorates upon taking damage. [a neqoxec]
 38142 | Orc:2    | Lost intelligence.
 38424 | Orc:2    | Found an iron altar of Okawaru.
 38497 | Orc:2    | Found a roughly hewn altar of Beogh.
 38668 | Orc:2    | Found Wueseki's General Store.
 38727 | Orc:2    | Found Suusaem's Distillery.
 38937 | Orc:2    | Bought 2 potions of experience for 1800 gold pieces
 38937 | Orc:2    | Bought a potion of haste for 180 gold pieces
 38937 | Orc:2    | Bought a potion of curing for 54 gold pieces
 38937 | Orc:2    | Bought a potion of curing for 54 gold pieces
 38940 | Orc:2    | Reached XP level 18. HP: 175/198 MP: 23/23
 38941 | Orc:2    | Reached skill level 15 in Armour
 38941 | Orc:2    | Reached XP level 19. HP: 182/205 MP: 24/24
 39182 | Orc:2    | Reached XP level 20. HP: 69/214 MP: 1/25
 39477 | Orc:2    | Found Bomuk's Book Shoppe.
 39477 | Orc:2    | Found Jeol's Antique Weapon Emporium.
 39477 | Orc:2    | Found a one-way gate leading to the halls of Pandemonium.
 40115 | Elf:1    | Entered Level 1 of the Elven Halls
 40531 | Elf:1    | Reached skill level 21 in Fighting
 40623 | Elf:1    | Noticed Azrael
 40641 | Elf:1    | Killed Azrael
 40656 | Elf:1    | Received a gift from Okawaru
 41575 | Elf:2    | Reached skill level 10 in Evocations
 41617 | Elf:2    | Found a runed gate.
 41617 | Elf:2    | Found a runed gate.
 41617 | Elf:2    | Found a runed gate.
 41629 | Elf:2    | Noticed Norris
 41663 | Elf:2    | Killed Norris
 41941 | Elf:2    | Noticed Asterion
 42234 | Elf:2    | Killed Asterion
 42613 | Elf:2    | Lost mutation: You are dopey. (Int -2) [evolution]
 43297 | Elf:2    | Reached XP level 21. HP: 127/225 MP: 28/28
 43624 | Elf:3    | Entered Level 3 of the Elven Halls
 44468 | Elf:3    | Received a gift from Okawaru
 44744 | Elf:3    | Received a gift from Okawaru
 44850 | Elf:3    | Got an ancient steam dragon armour
 45161 | Elf:3    | Got a vibrating lead amulet
 45169 | Elf:3    | Identified the amulet of Kuneaxug {Harm *Drain rC+ Int+4 Slay-4} (You took it off a deep elf annihilator on level 3 of the Elven Halls)
 45174 | Elf:3    | Identified the +3 steam dragon armour of Foud {+Inv rPois Int-4 Slay+3} (You took it off a deep elf mage on level 3 of the Elven Halls)
 45175 | Elf:3    | Identified a +6 rod of shadows (14/14) (You took it off a deep elf annihilator on level 3 of the Elven Halls)
 45296 | Elf:3    | Identified the Collected Works on the Escort
 45298 | Elf:3    | Identified the Guide on the Evil Blaze
 45315 | Elf:3    | Got a transparent scale mail
 45328 | Elf:3    | Identified the +4 scale mail of the Forsaken Ships {rC+ Int-4 Dex+8 Stlth+} (You found it on level 3 of the Elven Halls)
 45580 | Elf:3    | Reached skill level 22 in Fighting
 46057 | Elf:3    | Got a translucent leather armour
 46068 | Elf:3    | Identified the +3 leather armour of the Harvest Moon {rN+} (You took it off a deep elf death mage on level 3 of the Elven Halls)
 46603 | Vaults:1 | Entered Level 1 of the Vaults
 46770 | Vaults:1 | Gained mutation: You are agile. (Dex +2) [evolution]
 46934 | Vaults:1 | Found Esmifa's Distillery.
 46950 | Vaults:1 | Bought a potion of cure mutation for 350 gold pieces
 46950 | Vaults:1 | Bought a potion of heal wounds for 70 gold pieces
 46950 | Vaults:1 | Bought a potion of curing for 42 gold pieces
 46950 | Vaults:1 | Bought a potion of curing for 42 gold pieces
 46950 | Vaults:1 | Bought a potion of curing for 42 gold pieces
 47827 | Vaults:1 | Received a gift from Okawaru
 48520 | Vaults:2 | Found a burning altar of Makhleb.
 48805 | Vaults:2 | Noticed Jory
 48820 | Vaults:2 | Reached XP level 22. HP: 226/238 MP: 30/30
 48845 | Vaults:2 | Killed Jory
 49745 | Vaults:3 | Found a magical portal.
 49782 | WizLab   | Entered The Roulette of Golubria
 49786 | WizLab   | Found a corrupted altar of Lugonu.
 50072 | WizLab   | Got a pair of twisted boots
 50083 | WizLab   | Identified the cursed +0 pair of boots of Xapaanupt {MR+} (You found it in a wizard's laboratory)
 50124 | WizLab   | Got a transparent cloak
 50137 | WizLab   | Identified the +1 cloak of the Stars {rElec Str+7 Slay-2} (You found it in a wizard's laboratory)
 50156 | WizLab   | Got a faintly glowing cloak
 50168 | WizLab   | Identified the cursed +0 cloak of Valiance {rElec Str+2} (You found it in a wizard's laboratory)
 50596 | Vaults:3 | Reached skill level 23 in Fighting
 50644 | Vaults:3 | Received a gift from Okawaru
 51208 | Vaults:3 | Found a staircase to the Crypt.
 51208 | Vaults:3 | Found a basalt altar of Yredelemnul.
 51208 | Vaults:3 | Found an ancient bone altar of Kikubaaqudgha.
 52849 | Vaults:4 | Received a gift from Okawaru
 53216 | Vaults:4 | Gained mutation: Your muscles are strong. (Str +2) [evolution]
 53216 | Vaults:4 | Lost mutation: You evolve. [end of evolution]
 53400 | Vaults:4 | Reached skill level 24 in Fighting
 53408 | Vaults:4 | Reached XP level 23. HP: 173/251 MP: 31/31
 53724 | Vaults:4 | Received a gift from Okawaru
 53960 | Vaults:5 | Entered Level 5 of the Vaults
 54000 | Vaults:5 | Noticed an ancient lich
 54397 | Vaults:4 | Killed from afar by a Hell Sentinel

Skill      XL: |  1  2  3  4  5  6  7  8  9 10 11 12 13 14 15 16 17 18 19 20 21 22 |
---------------+-------------------------------------------------------------------+-----
Fighting       | 4 5 6 8 10 12 14 15 16 18 19 20 21 22 24 | 24.4
Maces & Flails | 3 4 5 7 8 10 12 13 14 16 | 16.1
Armour         | 6 8 10 11 12 14 15 16 17 18 | 18.4
Invocations    | 3 5 7 |  7.0
Evocations     | 3 5 6 7 9 10 12 13 | 13.6
Shields        | 6 8 10 13 15 16 17 18 19 20 | 20.7
Dodging        | 2 5 6 9 11 13 | 13.7

Action                   |  1- 3 |  4- 6 |  7- 9 | 10-12 | 13-15 | 16-18 | 19-21 | 22-24 || total
-------------------------+-------+-------+-------+-------+-------+-------+-------+-------++-------
Melee: Flail             |    75 |   145 |   347 |   676 |   192 |       |       |       ||  1435
       Headbutt          |    15 |    19 |    69 |   177 |   411 |   298 |   433 |   460 ||  1882
       Demon whip        |       |       |       |       |   689 |       |       |       ||   689
       Morningstar       |       |       |       |       |   620 |  1041 |  1327 |  1207 ||  4195
       Unarmed           |       |       |       |       |     1 |       |       |       ||     1
Throw: Tomahawk          |       |     1 |       |       |    16 |       |       |       ||    17
Invok: Heroism           |       |       |       |    12 |    13 |     7 |     6 |     6 ||    44
       Finesse           |       |       |       |     1 |     4 |     6 |     5 |     6 ||    22
Evoke: Wand              |       |       |       |     9 |    41 |    20 |    12 |     1 ||    83
       Fan of gales      |       |       |       |       |       |     1 |     1 |       ||     2
       Stone of tremors  |       |       |       |       |       |       |     2 |       ||     2
       Rod               |       |       |       |       |       |       |     1 |       ||     1
       Disc of storms    |       |       |       |       |       |       |     1 |       ||     1
  Use: Scroll            |       |     8 |     4 |    17 |    25 |     5 |     8 |     7 ||    74
       Potion            |       |     1 |       |     8 |     6 |    19 |     5 |     2 ||    41
 Stab: Distracted        |       |       |       |       |     1 |       |       |       ||     1
       Sleeping          |       |       |       |       |       |     1 |       |       ||     1
       Invisible         |       |       |       |       |       |       |     6 |       ||     6
  Eat: Chunk             |     1 |     4 |    10 |    15 |    15 |    14 |    21 |    14 ||    94
       Fruit             |       |       |       |     6 |     4 |       |       |       ||    10
       Bread ration      |       |       |       |     1 |     6 |     1 |       |     1 ||     9
       Beef jerky        |       |       |       |     1 |     7 |     1 |     2 |       ||    11
       Royal jelly       |       |       |       |     1 |       |       |       |     1 ||     2
       Pizza             |       |       |       |       |       |     8 |     1 |       ||     9
       Meat ration       |       |       |       |       |       |       |     2 |       ||     2
Armor: Scale mail        |    31 |    53 |       |       |       |   213 |   289 |       ||   586
       Ring mail         |       |       |   101 |   221 |   311 |    54 |       |       ||   687
       Gold dragon armou |       |       |       |       |       |       |     9 |   381 ||   390
Dodge: Dodged            |    43 |    50 |    75 |   143 |   459 |   463 |   451 |   335 ||  2019
Block: Shield            |    34 |    86 |   158 |   403 |   993 |  1197 |  1191 |  1130 ||  5192
       Reflection        |       |       |       |    20 |    30 |   123 |   149 |    68 ||   390
       Other             |       |       |       |       |     2 |       |       |       ||     2
